Canadiens vs Lightning
Created - April 29, 2021 at 19:00
Goals
|
| Canadiens |
0 |
2 |
1 |
3 |
| Lightning |
0 |
1 |
0 |
1 |
|
Shots
|
| Canadiens |
4 |
12 |
4 |
20 |
| Lightning |
12 |
18 |
1 |
31 |
|
1st period
No Goal
Penalties :
Daniel Carcillo (Mon) for Holding (Minor) at 17:00, Ondrej Palat (TB.) for Hooking (Minor) at 19:39
2nd period
1. Lightning , Kyle Clifford 37 (Mark Scheifele 64) at 6:23
2. Canadiens , Jordan Szwarz 7 (Evgeni Malkin 42, Brady Skjei 36) at 6:33
3. Canadiens , Jordan Szwarz 8 (Philip Larsen 16, Cameron Gaunce 15) at 12:20
Penalties :
Kyle Clifford (TB.) for Slashing (Minor) at 16:52
3rd period
4. Canadiens , Steve Downie 19 (Greg Stewart 42, Bryce Lampman 17) at 0:43
Penalties :
Ondrej Palat (TB.) for Hooking (Minor) at 7:46, Philip Larsen (Mon) for High sticking (Double Minor) at 11:16
Goalie Stats
Kristers Gudlevskis (Mon), 30 saves from 31 shots - (0.968), W, 25-29-8, 60:00 minutes
Philipp Grubauer (TB.), 17 saves from 20 shots - (0.850), L, 35-26-5, 60:00 minutes
Players Stats for Canadiens
Player Name G A P +/- PIM S H SB GA TA FO MP PP MP PK MP
------------------------------------------------------------------------------------
Brady Skjei 0 1 1 1 0 2 2 1 0 1 0/0 25:23 3:42 2:24
Brett Maclean 0 0 0 0 0 1 0 0 0 0 0/0 8:25 0:00 0:22
Bryce Lampman 0 1 1 1 0 0 1 1 0 0 0/0 21:41 2:15 2:49
Cameron Gaunce 0 1 1 0 0 0 2 2 1 0 0/0 15:19 2:15 0:46
Chris Kreider 0 0 0 1 0 1 7 1 0 1 1/2 21:06 3:08 2:19
Daniel Carcillo 0 0 0 0 2 2 2 0 0 1 1/1 13:25 0:00 1:33
Dave Bolland 0 0 0 0 0 0 0 0 0 0 1/3 13:40 0:00 2:14
Dustin Boyd 0 0 0 0 0 0 3 1 0 0 0/2 10:43 0:00 2:39
Evgeni Malkin 0 1 1 1 0 3 0 0 1 0 10/18 20:36 3:08 1:15
Greg Stewart 0 1 1 1 0 1 0 0 1 1 2/3 16:57 2:49 2:16
Jordan Szwarz 2 0 2 1 0 3 1 0 0 1 0/2 18:01 2:22 0:00
Mark Stuart 0 0 0 1 0 2 2 2 1 1 0/0 19:18 0:00 2:48
Nikolai Zherdev 0 0 0 0 0 1 1 0 0 0 0/0 9:01 0:27 0:00
Peter Mueller 0 0 0 1 0 2 1 0 1 0 8/9 15:27 2:49 0:04
Philip Larsen 0 1 1 0 4 0 2 0 0 1 0/0 12:17 0:00 0:00
Pierre-Marc Bouchard 0 0 0 0 0 0 0 0 1 0 0/0 11:26 0:00 0:00
Steve Downie 1 0 1 1 0 2 2 1 0 0 1/2 16:00 3:08 0:00
Travis Hamonic 0 0 0 1 0 0 1 0 0 1 0/0 25:15 3:42 2:23
Players Stats for Lightning
Player Name G A P +/- PIM S H SB GA TA FO MP PP MP PK MP
------------------------------------------------------------------------------------
Alex Killorn 0 0 0 -1 0 1 1 0 0 0 0/0 7:58 0:00 0:00
Alexander Wennberg 0 0 0 -1 0 0 0 0 0 0 3/6 15:54 2:28 0:00
Ben Lovejoy 0 0 0 -1 0 0 2 1 0 1 0/0 18:39 0:08 2:13
Bobby Ryan 0 0 0 -1 0 1 1 0 0 1 0/0 17:21 2:28 1:09
Brent Seabrook 0 0 0 -1 0 0 3 1 0 1 0/0 25:13 2:28 3:44
Brian Flynn 0 0 0 -1 0 0 1 0 0 0 2/3 9:02 0:46 0:00
Jesper Fast 0 0 0 -1 0 1 1 1 1 0 0/0 9:21 0:47 0:00
Jon Merrill 0 0 0 -1 0 3 0 1 1 0 0/0 20:26 0:08 2:13
Joni Pitkanen 0 0 0 0 0 1 1 1 2 0 0/0 16:08 3:22 0:00
Justin Schultz 0 0 0 -1 0 1 0 0 0 1 0/0 23:26 2:28 3:44
Kyle Clifford 1 0 1 0 2 4 1 0 1 1 1/1 19:29 2:34 2:12
Mark Scheifele 0 1 1 0 0 4 1 0 0 1 12/29 20:35 2:35 3:31
Ondrej Palat 0 0 0 0 4 2 1 1 1 0 0/0 13:13 0:14 1:07
Rickard Rakell 0 0 0 0 0 3 1 1 1 0 0/0 19:01 2:29 1:48
Sam Gagner 0 0 0 -1 0 3 3 0 0 0 0/0 16:18 2:28 0:24
Sergei Shirokov 0 0 0 0 0 2 3 0 1 0 0/0 12:18 0:57 0:00
Shayne Gostisbehere 0 0 0 0 0 2 1 1 0 0 0/0 16:08 3:22 0:00
Stephen Weiss 0 0 0 0 0 3 2 2 0 0 0/3 13:30 0:08 1:43
3 Stars
1 - Jordan Szwarz (Mon)
2 - Kristers Gudlevskis (Mon)
3 - Steve Downie (Mon)
Power Play
Canadiens - 0 on 3 Attempt(s) - 0.00%
Lightning - 0 on 3 Attempt(s) - 0.00%
Penalty Kill
Canadiens - 3 on 3 Attempt(s) - 100.00%
- Score 0 goal in Penalty Kill
Lightning - 3 on 3 Attempt(s) - 100.00%
- Score 0 goal in Penalty Kill
Team Stat
Canadiens - Hits : 27 - Faceoff Wins : 24 - Blocked Shots : 9 - Penalty Minutes : 6
Lightning - Hits : 23 - Faceoff Wins : 18 - Blocked Shots : 10 - Penalty Minutes : 6
Official
Referees : Unknown
Linesman : Unknown
Game Notes
No Game Note
Finance
Level 1 -- Attendance: 4609 (76.82%) -- Ticket Income $530,035
Level 2 -- Attendance: 5000 (100.00%) -- Ticket Income $320,000
Level 3 -- Attendance: 1524 (76.20%) -- Ticket Income $67,056
Level 4 -- Attendance: 2255 (56.38%) -- Ticket Income $90,200
Luxury Box -- Attendance: 704 (70.40%) -- Ticket Income $151,360
Game was played at the Tampa Bay Stadium.
Total Attendance: 14092 (78.29%)
Total Ticket Income: $1,158,651
Other Income: $173,798
Total Income: $1,332,449
Canadiens
5 vs 5 Forward
Center Left Wing Right Wing Time % Phy DF OF
1 Evgeni Malkin Chris Kreider Jordan Szwarz 40 0 2 3
2 Peter Mueller Greg Stewart Steve Downie 30 0 2 3
3 Dave Bolland Daniel Carcillo Pierre-Marc Bouchard 20 0 2 3
4 Dustin Boyd Brett Maclean Nikolai Zherdev 10 0 2 3
5 vs 5 Defense
Defense Defense Time % Phy DF OF
1 Brady Skjei Travis Hamonic 40 0 2 3
2 Mark Stuart Bryce Lampman 30 1 2 2
3 Philip Larsen Cameron Gaunce 20 1 2 2
4 Brady Skjei Travis Hamonic 10 1 2 2
PowerPlay Forward
Center Left Wing Right Wing Time % Phy DF OF
1 Evgeni Malkin Chris Kreider Steve Downie 60 0 1 4
2 Peter Mueller Greg Stewart Jordan Szwarz 40 0 1 4
PowerPlay Defense
Defense Defense Time % Phy DF OF
1 Travis Hamonic Brady Skjei 60 0 1 4
2 Bryce Lampman Cameron Gaunce 40 0 0 5
Penalty Kill 4 Players Forward
Center Wing Time % Phy DF OF
1 Dustin Boyd Daniel Carcillo 60 1 4 0
2 Dave Bolland Greg Stewart 40 1 4 0
Penalty Kill 4 Players Defense
Defense Defense Time % Phy DF OF
1 Mark Stuart Travis Hamonic 60 1 4 0
2 Bryce Lampman Brady Skjei 40 1 4 0
Penalty Kill - 3 Players Forward
Forward Time % Phy DF OF
1 Evgeni Malkin 60 0 5 0
2 Dustin Boyd 40 0 5 0
Penalty Kill - 3 Players Defense
Defense Defense Time % Phy DF OF
1 Mark Stuart Bryce Lampman 60 0 5 0
2 Travis Hamonic Philip Larsen 40 0 5 0
4 vs 4 Forward
Center Wing Time % Phy DF OF
1 Evgeni Malkin Chris Kreider 60 0 2 3
2 Dave Bolland Daniel Carcillo 40 0 2 3
4 vs 4 Defense
Defense Defense Time % Phy DF OF
1 Mark Stuart Philip Larsen 60 1 2 2
2 Cameron Gaunce Bryce Lampman 40 1 2 2
Last Minutes Offensive
Center Left Wing Right Wing Defense Defense
Evgeni Malkin Chris Kreider Steve Downie Brady Skjei Travis Hamonic
Last Minutes Defensive
Center Left Wing Right Wing Defense Defense
Evgeni Malkin Chris Kreider Steve Downie Bryce Lampman Mark Stuart
Goaltenders
Starting : Kristers Gudlevskis
Backup : Allen York
Extra Forwards
Normal : Evgeni Malkin, Chris Kreider, Steve Downie - PP : Evgeni Malkin, Chris Kreider - PK : Daniel Carcillo
Extra Defensemen
Normal : Brady Skjei, Travis Hamonic, Bryce Lampman - PP : Brady Skjei - PK : Travis Hamonic, Mark Stuart
Penalty Shots
Evgeni Malkin, Chris Kreider, Daniel Carcillo, Greg Stewart, Steve Downie
Scratches
Viktor Stalberg (Healthy), Nick Spaling (Healthy)
Lightning
5 vs 5 Forward
Center Left Wing Right Wing Time % Phy DF OF
1 Mark Scheifele Kyle Clifford Rickard Rakell 40 1 1 3
2 Alexander Wennberg Sam Gagner Bobby Ryan 30 1 1 3
3 Stephen Weiss Ondrej Palat Sergei Shirokov 20 1 2 2
4 Brian Flynn Alex Killorn Jesper Fast 10 1 2 2
5 vs 5 Defense
Defense Defense Time % Phy DF OF
1 Brent Seabrook Justin Schultz 40 1 2 2
2 Ben Lovejoy Jon Merrill 30 1 2 2
3 Joni Pitkanen Shayne Gostisbehere 20 1 2 2
4 Brent Seabrook Jon Merrill 10 1 2 2
PowerPlay Forward
Center Left Wing Right Wing Time % Phy DF OF
1 Mark Scheifele Kyle Clifford Rickard Rakell 60 0 1 4
2 Alexander Wennberg Sam Gagner Bobby Ryan 40 1 0 4
PowerPlay Defense
Defense Defense Time % Phy DF OF
1 Brent Seabrook Justin Schultz 60 1 1 3
2 Joni Pitkanen Shayne Gostisbehere 40 1 1 3
Penalty Kill 4 Players Forward
Center Wing Time % Phy DF OF
1 Mark Scheifele Kyle Clifford 60 1 3 1
2 Stephen Weiss Bobby Ryan 40 1 3 1
Penalty Kill 4 Players Defense
Defense Defense Time % Phy DF OF
1 Brent Seabrook Justin Schultz 60 1 2 2
2 Ben Lovejoy Jon Merrill 40 1 2 2
Penalty Kill - 3 Players Forward
Forward Time % Phy DF OF
1 Mark Scheifele 60 1 3 1
2 Bobby Ryan 40 1 3 1
Penalty Kill - 3 Players Defense
Defense Defense Time % Phy DF OF
1 Brent Seabrook Justin Schultz 60 1 2 2
2 Ben Lovejoy Jon Merrill 40 1 2 2
4 vs 4 Forward
Center Wing Time % Phy DF OF
1 Mark Scheifele Kyle Clifford 60 1 1 3
2 Alexander Wennberg Bobby Ryan 40 1 1 3
4 vs 4 Defense
Defense Defense Time % Phy DF OF
1 Brent Seabrook Justin Schultz 60 1 2 2
2 Ben Lovejoy Jon Merrill 40 1 2 2
Last Minutes Offensive
Center Left Wing Right Wing Defense Defense
Mark Scheifele Kyle Clifford Bobby Ryan Brent Seabrook Justin Schultz
Last Minutes Defensive
Center Left Wing Right Wing Defense Defense
Mark Scheifele Kyle Clifford Bobby Ryan Brent Seabrook Justin Schultz
Goaltenders
Starting : Philipp Grubauer
Backup : Jhonas Enroth
Extra Forwards
Normal : Jesper Fast, Brian Flynn, Rickard Rakell - PP : Sergei Shirokov, Brian Flynn - PK : Rickard Rakell
Extra Defensemen
Normal : Joni Pitkanen, Shayne Gostisbehere, Justin Schultz - PP : Joni Pitkanen - PK : Shayne Gostisbehere, Brent Seabrook
Penalty Shots
Kyle Clifford, Bobby Ryan, Mark Scheifele, Sergei Shirokov, Sam Gagner
Scratches
Kevin Marshall (Healthy), Spencer Machacek (Healthy)
% Time on Ice - Canadiens
Lines # - Real PCT - Wanted PCT - Time Play
Normal Forward
1 - 33% - 40% - 16:02
2 - 26% - 30% - 12:34
3 - 24% - 20% - 11:26
4 - 17% - 10% - 8:03
Normal Defense
1 - 37% - 40% - 17:43
2 - 35% - 30% - 16:37
3 - 26% - 20% - 12:18
4 - 3% - 10% - 1:27
PP Forward
1 - 53% - 60% - 3:08
2 - 47% - 40% - 2:49
PP Defense
1 - 62% - 60% - 3:42
2 - 38% - 40% - 2:15
PK Forward
1 - 94% - 60% - 5:38
2 - 6% - 40% - 0:20
PK Defense
1 - 60% - 60% - 3:34
2 - 40% - 40% - 2:24
PK3 Forward
1 - 0% - 60%
2 - 0% - 40%
PK3 Defense
1 - 0% - 60%
2 - 0% - 40%
44 Forward
1 - 0% - 60%
2 - 0% - 40%
44 Defense
1 - 0% - 60%
2 - 0% - 40%
Last Minute Offensive - 0:00
Last Minute Defensive - 0:00
Total
Forward - 60:00
Defense - 60:00
|
% Time on Ice - Lightning
Lines # - Real PCT - Wanted PCT - Time Play
Normal Forward
1 - 32% - 40% - 15:20
2 - 28% - 30% - 13:26
3 - 24% - 20% - 11:21
4 - 17% - 10% - 7:58
Normal Defense
1 - 37% - 40% - 17:42
2 - 33% - 30% - 15:50
3 - 27% - 20% - 12:46
4 - 4% - 10% - 1:47
PP Forward
1 - 59% - 60% - 3:30
2 - 41% - 40% - 2:28
PP Defense
1 - 44% - 60% - 2:36
2 - 56% - 40% - 3:22
PK Forward
1 - 81% - 60% - 4:48
2 - 19% - 40% - 1:09
PK Defense
1 - 63% - 60% - 3:44
2 - 37% - 40% - 2:13
PK3 Forward
1 - 0% - 60%
2 - 0% - 40%
PK3 Defense
1 - 0% - 60%
2 - 0% - 40%
44 Forward
1 - 0% - 60%
2 - 0% - 40%
44 Defense
1 - 0% - 60%
2 - 0% - 40%
Last Minute Offensive - 0:00
Last Minute Defensive - 0:00
Total
Forward - 60:00
Defense - 60:00
|
Play-by-Play
1st period
0:01 of 1st period - Evgeni Malkin wins face-off versus Mark Scheifele in neutral zone.
0:34 of 1st period - Wrist shot by Sam Gagner.
0:34 of 1st period - Stopped by Kristers Gudlevskis with a rebound.
0:54 of 1st period - Snap shot by Daniel Carcillo.
0:54 of 1st period - Stopped by Philipp Grubauer with a rebound.
1:07 of 1st period - Icing by Brady Skjei.
1:08 of 1st period - Brian Flynn wins face-off versus Dustin Boyd in Canadiens zone.
1:11 of 1st period - Slapshot by Jesper Fast.
1:11 of 1st period - Stopped by Kristers Gudlevskis with a rebound.
1:25 of 1st period - Snap shot by Brett Maclean.
1:25 of 1st period - Shot Blocked by Jesper Fast.
2:01 of 1st period - Slapshot by Sam Gagner.
2:01 of 1st period - Shot Blocked by Bryce Lampman.
2:03 of 1st period - Snap shot by Bobby Ryan.
2:03 of 1st period - Shot Misses the Net.
2:05 of 1st period - Snap shot by Bobby Ryan.
2:05 of 1st period - Shot Blocked by Steve Downie.
2:07 of 1st period - Slapshot by Shayne Gostisbehere.
2:07 of 1st period - Stopped by Kristers Gudlevskis without a rebound.
2:08 of 1st period - Evgeni Malkin wins face-off versus Mark Scheifele in Canadiens zone.
2:08 of 1st period - Evgeni Malkin is hit by Kyle Clifford.
2:39 of 1st period - Daniel Carcillo is hit by Stephen Weiss and loses puck.
2:56 of 1st period - Steve Downie is hit by Sam Gagner and loses puck.
3:46 of 1st period - Brent Seabrook is hit by Chris Kreider and loses puck.
4:14 of 1st period - Joni Pitkanen is hit by Cameron Gaunce and loses puck.
4:26 of 1st period - Snap shot by Bryce Lampman.
4:26 of 1st period - Shot Misses the Net.
4:28 of 1st period - Slapshot by Mark Stuart.
4:28 of 1st period - Shot Blocked by Shayne Gostisbehere.
4:30 of 1st period - Wrist shot by Mark Stuart.
4:30 of 1st period - Stopped by Philipp Grubauer with a rebound.
4:56 of 1st period - Wrist shot by Dave Bolland.
4:56 of 1st period - Shot Misses the Net.
5:00 of 1st period - Slapshot by Dave Bolland.
5:00 of 1st period - Shot Blocked by Stephen Weiss.
5:02 of 1st period - Slapshot by Travis Hamonic.
5:02 of 1st period - Deflect By Daniel Carcillo.
5:02 of 1st period - Shot Blocked by Joni Pitkanen.
5:02 of 1st period - Puck is out of play.
5:03 of 1st period - Mark Scheifele wins face-off versus Evgeni Malkin in Lightning zone.
6:02 of 1st period - Travis Hamonic is hit by Alex Killorn and loses puck.
6:48 of 1st period - Ben Lovejoy is hit by Nikolai Zherdev and loses puck.
7:42 of 1st period - Mark Scheifele is hit by Philip Larsen and loses puck.
7:58 of 1st period - Icing by Philip Larsen.
7:59 of 1st period - Alexander Wennberg wins face-off versus Peter Mueller in Canadiens zone.
8:26 of 1st period - Snap shot by Evgeni Malkin.
8:26 of 1st period - Deflect By Jordan Szwarz.
8:26 of 1st period - Shot Blocked by Rickard Rakell.
8:26 of 1st period - Puck is out of play.
8:27 of 1st period - Evgeni Malkin wins face-off versus Mark Scheifele in Lightning zone.
8:42 of 1st period - Wrist shot by Kyle Clifford.
8:42 of 1st period - Stopped by Kristers Gudlevskis with a rebound.
9:02 of 1st period - Travis Hamonic is hit by Stephen Weiss.
9:58 of 1st period - Brian Flynn is hit by Dustin Boyd and loses puck.
10:33 of 1st period - Icing by Jon Merrill.
10:34 of 1st period - Alexander Wennberg wins face-off versus Dave Bolland in Lightning zone.
11:25 of 1st period - Slapshot by Steve Downie.
11:25 of 1st period - Stopped by Philipp Grubauer with a rebound.
11:27 of 1st period - Snap shot by Evgeni Malkin.
11:27 of 1st period - Shot Misses the Net.
11:29 of 1st period - Slapshot by Evgeni Malkin.
11:29 of 1st period - Shot Misses the Net.
11:31 of 1st period - Wrist shot by Evgeni Malkin.
11:31 of 1st period - Shot Misses the Net.
11:35 of 1st period - Wrist shot by Chris Kreider.
11:35 of 1st period - Shot Hit the Post.
11:37 of 1st period - Snap shot by Evgeni Malkin.
11:37 of 1st period - Shot Misses the Net.
12:34 of 1st period - Slapshot by Mark Scheifele.
12:34 of 1st period - Stopped by Kristers Gudlevskis with a rebound.
12:51 of 1st period - Off-side.
12:52 of 1st period - Mark Scheifele wins face-off versus Evgeni Malkin in neutral zone.
12:55 of 1st period - Slapshot by Kyle Clifford.
12:55 of 1st period - Shot Blocked by Cameron Gaunce.
13:46 of 1st period - Slapshot by Ondrej Palat.
13:46 of 1st period - Stopped by Kristers Gudlevskis without a rebound.
13:47 of 1st period - Evgeni Malkin wins face-off versus Mark Scheifele in Canadiens zone.
14:39 of 1st period - Wrist shot by Ondrej Palat.
14:39 of 1st period - Stopped by Kristers Gudlevskis with a rebound.
14:41 of 1st period - Snap shot by Sergei Shirokov.
14:41 of 1st period - Stopped by Kristers Gudlevskis with a rebound.
15:21 of 1st period - Alex Killorn is hit by Philip Larsen and loses puck.
15:26 of 1st period - Wrist shot by Steve Downie.
15:26 of 1st period - Shot Blocked by Ben Lovejoy.
15:28 of 1st period - Slapshot by Greg Stewart.
15:28 of 1st period - Shot Misses the Net.
15:42 of 1st period - Slapshot by Kyle Clifford.
15:42 of 1st period - Shot Blocked by Dustin Boyd.
15:44 of 1st period - Wrist shot by Rickard Rakell.
15:44 of 1st period - Stopped by Kristers Gudlevskis without a rebound.
15:45 of 1st period - Mark Scheifele wins face-off versus Evgeni Malkin in Canadiens zone.
15:48 of 1st period - Wrist shot by Kyle Clifford.
15:48 of 1st period - Stopped by Kristers Gudlevskis without a rebound.
15:49 of 1st period - Mark Scheifele wins face-off versus Evgeni Malkin in Canadiens zone.
15:52 of 1st period - Slapshot by Mark Scheifele.
15:52 of 1st period - Shot Misses the Net.
15:56 of 1st period - Slapshot by Mark Scheifele.
15:56 of 1st period - Stopped by Kristers Gudlevskis without a rebound.
15:57 of 1st period - Mark Scheifele wins face-off versus Jordan Szwarz in Canadiens zone.
16:22 of 1st period - Travis Hamonic is hit by Brent Seabrook and loses puck.
16:31 of 1st period - Wrist shot by Peter Mueller.
16:31 of 1st period - Shot Misses the Net.
16:33 of 1st period - Wrist shot by Mark Stuart.
16:33 of 1st period - Shot Blocked by Brent Seabrook.
17:00 of 1st period - Minor Penalty to Daniel Carcillo for Holding.
17:01 of 1st period - Mark Scheifele wins face-off versus Dustin Boyd in Canadiens zone.
17:02 of 1st period - Snap shot by Kyle Clifford.
17:02 of 1st period - Shot Misses the Net.
17:04 of 1st period - Slapshot by Rickard Rakell.
17:04 of 1st period - Shot Blocked by Mark Stuart.
17:06 of 1st period - Wrist shot by Mark Scheifele.
17:06 of 1st period - Stopped by Kristers Gudlevskis with a rebound.
19:00 of 1st period - Penalty to Daniel Carcillo is over, Daniel Carcillo is back on ice.
19:06 of 1st period - Snap shot by Peter Mueller.
19:06 of 1st period - Stopped by Philipp Grubauer without a rebound.
19:07 of 1st period - Peter Mueller wins face-off versus Stephen Weiss in Lightning zone.
19:39 of 1st period - Minor Penalty to Ondrej Palat for Hooking.
19:40 of 1st period - Kyle Clifford wins face-off versus Evgeni Malkin in Lightning zone.
Goals for this period are 0 for Canadiens vs 0 for Lightning .
Shots for this period are 4 for Canadiens vs 12 for Lightning .
2nd period
0:01 of 2nd period - Mark Scheifele wins face-off versus Evgeni Malkin in neutral zone.
1:39 of 2nd period - Penalty to Ondrej Palat is over, Ondrej Palat is back on ice.
2:09 of 2nd period - Snap shot by Sam Gagner.
2:09 of 2nd period - Stopped by Kristers Gudlevskis with a rebound.
2:20 of 2nd period - Snap shot by Nikolai Zherdev.
2:20 of 2nd period - Stopped by Philipp Grubauer with a rebound.
3:52 of 2nd period - Joni Pitkanen is hit by Dustin Boyd and loses puck.
4:43 of 2nd period - Cameron Gaunce is hit by Sergei Shirokov and loses puck.
5:24 of 2nd period - Slapshot by Bobby Ryan.
5:24 of 2nd period - Shot Misses the Net.
5:26 of 2nd period - Snap shot by Sam Gagner.
5:26 of 2nd period - Shot Blocked by Brady Skjei.
5:28 of 2nd period - Wrist shot by Jon Merrill.
5:28 of 2nd period - Deflect By Travis Hamonic.
5:28 of 2nd period - Stopped by Kristers Gudlevskis without a rebound.
5:29 of 2nd period - Dave Bolland wins face-off versus Mark Scheifele in Canadiens zone.
6:21 of 2nd period - Snap shot by Sergei Shirokov.
6:21 of 2nd period - Stopped by Kristers Gudlevskis without a rebound.
6:22 of 2nd period - Mark Scheifele wins face-off versus Evgeni Malkin in Canadiens zone.
6:23 of 2nd period - Slapshot by Kyle Clifford.
6:23 of 2nd period - Goal by Kyle Clifford - Canadiens : 0 - Lightning : 1.
6:24 of 2nd period - Evgeni Malkin wins face-off versus Mark Scheifele in neutral zone.
6:29 of 2nd period - Snap shot by Brady Skjei.
6:29 of 2nd period - Deflect By Kyle Clifford.
6:29 of 2nd period - Stopped by Philipp Grubauer with a rebound.
6:31 of 2nd period - Snap shot by Evgeni Malkin.
6:31 of 2nd period - Stopped by Philipp Grubauer with a rebound.
6:33 of 2nd period - Wrist shot by Jordan Szwarz.
6:33 of 2nd period - Goal by Jordan Szwarz - Canadiens : 1 - Lightning : 1.
6:34 of 2nd period - Evgeni Malkin wins face-off versus Mark Scheifele in neutral zone.
6:59 of 2nd period - Jordan Szwarz is hit by Sergei Shirokov.
7:07 of 2nd period - Slapshot by Brady Skjei.
7:07 of 2nd period - Stopped by Philipp Grubauer with a rebound.
7:49 of 2nd period - Snap shot by Sam Gagner.
7:49 of 2nd period - Shot Misses the Net.
7:51 of 2nd period - Wrist shot by Jon Merrill.
7:51 of 2nd period - Shot Hit the Post.
7:53 of 2nd period - Slapshot by Jon Merrill.
7:53 of 2nd period - Stopped by Kristers Gudlevskis with a rebound.
7:55 of 2nd period - Slapshot by Sam Gagner.
7:55 of 2nd period - Stopped by Kristers Gudlevskis with a rebound.
8:27 of 2nd period - Snap shot by Chris Kreider.
8:27 of 2nd period - Deflect By Evgeni Malkin.
8:27 of 2nd period - Stopped by Philipp Grubauer without a rebound.
8:28 of 2nd period - Peter Mueller wins face-off versus Alexander Wennberg in Lightning zone.
8:44 of 2nd period - Snap shot by Peter Mueller.
8:44 of 2nd period - Shot Misses the Net.
8:54 of 2nd period - Stephen Weiss is hit by Travis Hamonic and loses puck.
9:19 of 2nd period - Wrist shot by Kyle Clifford.
9:19 of 2nd period - Shot Misses the Net.
9:21 of 2nd period - Snap shot by Rickard Rakell.
9:21 of 2nd period - Stopped by Kristers Gudlevskis with a rebound.
9:23 of 2nd period - Snap shot by Rickard Rakell.
9:23 of 2nd period - Shot Blocked by Cameron Gaunce.
9:58 of 2nd period - Backhand shot by Jon Merrill.
9:58 of 2nd period - Stopped by Kristers Gudlevskis with a rebound.
10:37 of 2nd period - Dustin Boyd is hit by Sergei Shirokov and loses puck.
10:48 of 2nd period - Wrist shot by Dustin Boyd.
10:48 of 2nd period - Shot Misses the Net.
10:50 of 2nd period - Slapshot by Nikolai Zherdev.
10:50 of 2nd period - Shot Blocked by Ondrej Palat.
10:52 of 2nd period - Slapshot by Brett Maclean.
10:52 of 2nd period - Stopped by Philipp Grubauer with a rebound.
10:54 of 2nd period - Slapshot by Dustin Boyd.
10:54 of 2nd period - Shot Blocked by Stephen Weiss.
10:56 of 2nd period - Slapshot by Mark Stuart.
10:56 of 2nd period - Stopped by Philipp Grubauer with a rebound.
11:10 of 2nd period - Wrist shot by Stephen Weiss.
11:10 of 2nd period - Stopped by Kristers Gudlevskis with a rebound.
11:12 of 2nd period - Wrist shot by Stephen Weiss.
11:12 of 2nd period - Shot Blocked by Mark Stuart.
11:16 of 2nd period - Wrist shot by Sergei Shirokov.
11:16 of 2nd period - Shot Misses the Net.
11:28 of 2nd period - Snap shot by Stephen Weiss.
11:28 of 2nd period - Stopped by Kristers Gudlevskis with a rebound.
11:30 of 2nd period - Snap shot by Shayne Gostisbehere.
11:30 of 2nd period - Stopped by Kristers Gudlevskis with a rebound.
11:32 of 2nd period - Slapshot by Joni Pitkanen.
11:32 of 2nd period - Deflect By Brett Maclean.
11:32 of 2nd period - Stopped by Kristers Gudlevskis without a rebound.
11:33 of 2nd period - Peter Mueller wins face-off versus Mark Scheifele in Canadiens zone.
12:03 of 2nd period - Sam Gagner is hit by Cameron Gaunce and loses puck.
12:20 of 2nd period - Slapshot by Philip Larsen.
12:20 of 2nd period - Deflect By Jordan Szwarz.
12:20 of 2nd period - Goal by Jordan Szwarz - Canadiens : 2 - Lightning : 1.
12:21 of 2nd period - Evgeni Malkin wins face-off versus Mark Scheifele in neutral zone.
12:26 of 2nd period - Wrist shot by Chris Kreider.
12:26 of 2nd period - Shot Misses the Net.
12:46 of 2nd period - Brent Seabrook is hit by Brady Skjei and loses puck.
13:31 of 2nd period - Slapshot by Alex Killorn.
13:31 of 2nd period - Stopped by Kristers Gudlevskis without a rebound.
13:32 of 2nd period - Chris Kreider wins face-off versus Brian Flynn in Canadiens zone.
13:44 of 2nd period - Wrist shot by Jesper Fast.
13:44 of 2nd period - Shot Blocked by Chris Kreider.
13:46 of 2nd period - Slapshot by Justin Schultz.
13:46 of 2nd period - Stopped by Kristers Gudlevskis without a rebound.
13:47 of 2nd period - Mark Scheifele wins face-off versus Steve Downie in Canadiens zone.
13:50 of 2nd period - Wrist shot by Mark Scheifele.
13:50 of 2nd period - Stopped by Kristers Gudlevskis with a rebound.
14:02 of 2nd period - Wrist shot by Steve Downie.
14:02 of 2nd period - Shot Blocked by Jon Merrill.
14:04 of 2nd period - Snap shot by Greg Stewart.
14:04 of 2nd period - Deflect By Peter Mueller.
14:04 of 2nd period - Stopped by Philipp Grubauer without a rebound.
14:05 of 2nd period - Evgeni Malkin wins face-off versus Alexander Wennberg in Lightning zone.
14:32 of 2nd period - Mark Scheifele is hit by Brady Skjei and loses puck.
14:55 of 2nd period - Pierre-Marc Bouchard is hit by Jesper Fast and loses puck.
15:57 of 2nd period - Evgeni Malkin is hit by Bobby Ryan and loses puck.
16:04 of 2nd period - Bobby Ryan is hit by Jordan Szwarz and loses puck.
16:37 of 2nd period - Wrist shot by Bobby Ryan.
16:37 of 2nd period - Stopped by Kristers Gudlevskis with a rebound.
16:45 of 2nd period - Slapshot by Evgeni Malkin.
16:45 of 2nd period - Stopped by Philipp Grubauer without a rebound.
16:46 of 2nd period - Peter Mueller wins face-off versus Mark Scheifele in Lightning zone.
16:52 of 2nd period - Minor Penalty to Kyle Clifford for Slashing.
16:53 of 2nd period - Greg Stewart wins face-off versus Mark Scheifele in Lightning zone.
16:55 of 2nd period - Snap shot by Peter Mueller.
16:55 of 2nd period - Deflect By Jordan Szwarz.
16:55 of 2nd period - Stopped by Philipp Grubauer without a rebound.
16:56 of 2nd period - Peter Mueller wins face-off versus Mark Scheifele in Lightning zone.
17:44 of 2nd period - Slapshot by Stephen Weiss.
17:44 of 2nd period - Stopped by Kristers Gudlevskis without a rebound.
17:45 of 2nd period - Evgeni Malkin wins face-off versus Stephen Weiss in Canadiens zone.
17:45 of 2nd period - Evgeni Malkin is hit by Ondrej Palat.
18:01 of 2nd period - Snap shot by Rickard Rakell.
18:01 of 2nd period - Stopped by Kristers Gudlevskis with a rebound.
18:50 of 2nd period - Rickard Rakell is hit by Peter Mueller and loses puck.
18:52 of 2nd period - Penalty to Kyle Clifford is over, Kyle Clifford is back on ice.
Goals for this period are 2 for Canadiens vs 1 for Lightning .
Shots for this period are 12 for Canadiens vs 18 for Lightning .
3rd period
0:01 of 3rd period - Mark Scheifele wins face-off versus Evgeni Malkin in neutral zone.
0:25 of 3rd period - Travis Hamonic is hit by Brent Seabrook.
0:26 of 3rd period - Icing by Travis Hamonic.
0:27 of 3rd period - Steve Downie wins face-off versus Alexander Wennberg in Canadiens zone.
0:27 of 3rd period - Steve Downie is hit by Sam Gagner.
0:43 of 3rd period - Slapshot by Steve Downie.
0:43 of 3rd period - Goal by Steve Downie - Canadiens : 3 - Lightning : 1.
0:44 of 3rd period - Mark Scheifele wins face-off versus Chris Kreider in neutral zone.
0:59 of 3rd period - Kyle Clifford is hit by Chris Kreider and loses puck.
1:57 of 3rd period - Ben Lovejoy is hit by Mark Stuart and loses puck.
2:53 of 3rd period - Icing by Steve Downie.
2:54 of 3rd period - Greg Stewart wins face-off versus Mark Scheifele in Canadiens zone.
2:54 of 3rd period - Greg Stewart is hit by Mark Scheifele.
2:57 of 3rd period - Icing by Steve Downie.
2:58 of 3rd period - Peter Mueller wins face-off versus Mark Scheifele in Canadiens zone.
3:39 of 3rd period - Snap shot by Greg Stewart.
3:39 of 3rd period - Stopped by Philipp Grubauer without a rebound.
3:40 of 3rd period - Alexander Wennberg wins face-off versus Jordan Szwarz in Lightning zone.
3:59 of 3rd period - Jordan Szwarz is hit by Joni Pitkanen and loses puck.
4:18 of 3rd period - Wrist shot by Daniel Carcillo.
4:18 of 3rd period - Stopped by Philipp Grubauer without a rebound.
4:19 of 3rd period - Mark Scheifele wins face-off versus Dave Bolland in Lightning zone.
4:32 of 3rd period - Wrist shot by Kyle Clifford.
4:32 of 3rd period - Stopped by Kristers Gudlevskis without a rebound.
4:33 of 3rd period - Evgeni Malkin wins face-off versus Mark Scheifele in Canadiens zone.
4:48 of 3rd period - Snap shot by Chris Kreider.
4:48 of 3rd period - Stopped by Philipp Grubauer with a rebound.
5:51 of 3rd period - Bobby Ryan is hit by Chris Kreider and loses puck.
6:48 of 3rd period - Shayne Gostisbehere is hit by Steve Downie.
6:52 of 3rd period - Bobby Ryan is hit by Steve Downie and loses puck.
7:13 of 3rd period - Ondrej Palat is hit by Chris Kreider and loses puck.
7:22 of 3rd period - Stephen Weiss is hit by Chris Kreider and loses puck.
7:33 of 3rd period - Stephen Weiss is hit by Chris Kreider and loses puck.
7:46 of 3rd period - Minor Penalty to Ondrej Palat for Hooking.
7:47 of 3rd period - Peter Mueller wins face-off versus Mark Scheifele in Lightning zone.
9:46 of 3rd period - Penalty to Ondrej Palat is over, Ondrej Palat is back on ice.
10:19 of 3rd period - Bobby Ryan is hit by Dustin Boyd and loses puck.
11:00 of 3rd period - Jordan Szwarz is hit by Ben Lovejoy and loses puck.
11:16 of 3rd period - Double Minor Penalty to Philip Larsen for High sticking.
11:17 of 3rd period - Daniel Carcillo wins face-off versus Mark Scheifele in Canadiens zone.
12:25 of 3rd period - Dave Bolland is hit by Sam Gagner and loses puck.
12:42 of 3rd period - Joni Pitkanen is hit by Bryce Lampman and loses puck.
12:57 of 3rd period - Bryce Lampman is hit by Brent Seabrook and loses puck.
13:58 of 3rd period - Daniel Carcillo is hit by Brian Flynn and loses puck.
14:31 of 3rd period - Dustin Boyd is hit by Shayne Gostisbehere and loses puck.
15:15 of 3rd period - Icing by Ondrej Palat.
15:16 of 3rd period - Penalty to Philip Larsen is over, Philip Larsen is back on ice.
15:16 of 3rd period - Peter Mueller wins face-off versus Stephen Weiss in Lightning zone.
16:10 of 3rd period - Alexander Wennberg is hit by Daniel Carcillo and loses puck.
16:23 of 3rd period - Mark Stuart is hit by Ben Lovejoy and loses puck.
16:36 of 3rd period - Ben Lovejoy is hit by Mark Stuart and loses puck.
17:53 of 3rd period - Joni Pitkanen is hit by Chris Kreider and loses puck.
18:15 of 3rd period - Icing by Shayne Gostisbehere.
18:16 of 3rd period - Brian Flynn wins face-off versus Greg Stewart in Lightning zone.
18:53 of 3rd period - Slapshot by Evgeni Malkin.
18:53 of 3rd period - Shot Misses the Net.
18:55 of 3rd period - Snap shot by Evgeni Malkin.
18:55 of 3rd period - Shot Misses the Net.
19:08 of 3rd period - Evgeni Malkin is hit by Rickard Rakell and loses puck.
19:27 of 3rd period - Jon Merrill is hit by Daniel Carcillo and loses puck.
Goals for this period are 1 for Canadiens vs 0 for Lightning .
Shots for this period are 4 for Canadiens vs 1 for Lightning .